 Dungeon Crawl Stone Soup version 0.19-a0-36-g4a0968a (webtiles) character file.

14 M4edhros the Grave Robber (level 2, 0/17 HPs)
             Began as an Octopode Necromancer on May 4, 2016.
             Slain by a gnoll
             ... wielding a +0 spear
              (3 damage)
             ... on level 1 of the Dungeon.
             The game lasted 00:00:56 (147 turns).

M4edhros the Grave Robber (Octopode Necromancer)     Turns: 147, Time: 00:00:57

Health: 0/17       AC:  1    Str: 12    XL:     2   Next: 41%
Magic:  3/5        EV: 12    Int: 17    God:
Gold:   12         SH:  0    Dex: 12    Spells: 1 memorised, 4 levels left

rFire  . . .     SeeInvis .       - Unarmed
rCold  . . .     Gourm    .     (no shield)
rNeg   . . .     Faith    .     (helmet restricted)
rPois  .         Spirit   .     (no amulet)
rElec  .         Dismiss  .     (no ring)
rCorr  .         Reflect  .     (no ring)
SustAt .         Harm     .     (no ring)
MR     .....                    (no ring)
Stlth  +++.......               (no ring)
                                (no ring)
                                (no ring)
                                (no ring)

@: mighty, not resistant to hostile enchantments, fairly stealthy
A: almost no armour, amphibious, 8 rings, constrict 8, camouflage 1, gelatinous
body 1
a: no special abilities


You were on level 1 of the Dungeon.
You were not hungry.

You visited 1 branch of the dungeon, and saw 2 of its levels.

You collected 12 gold pieces.

Inventory:

Potions
 d - a potion of lignification {unknown}
Books
 a - a book of Necromancy

   Spells                             Type                      Level
   a - Pain                           Necromancy                   1
   b - Animate Skeleton               Necromancy                   1
   c - Vampiric Draining              Necromancy                   3
   d - Regeneration                   Charms/Necromancy            3
   e - Animate Dead                   Necromancy                   4
   f - Control Undead                 Necromancy                   4
Comestibles
 b - 2 bread rations
 f - a beef jerky


   Skills:
 - Level 2.0 Dodging
 - Level 2.6 Stealth
 + Level 2.0 Unarmed Combat
 - Level 2.0 Spellcasting
 - Level 4.0 Necromancy


You had 4 spell levels left.
You knew the following spells:

 Your Spells              Type           Power        Failure   Level  Hunger
a - Pain                  Necr           ###.         3%          1    #......


Dungeon Overview and Level Annotations

Branches:
Dungeon (2/15)

Altars:


Innate Abilities, Weirdness & Mutations

You cannot wear most types of armour.
You are amphibious.
You can wear up to eight rings at the same time.
You can use your tentacles to constrict eight enemies at once.
Your skin changes colour to match your surroundings (Stealth).
Your rubbery body absorbs attacks (AC +1).


Message History

There is an open door here.
The hobgoblin shouts!
The bat hits you but does no damage.
You barely miss the bat. You grab the bat.
You constrict the bat, but do no damage.
The bat barely misses you.
The gnoll hits you from afar with a spear.
You release your grip on the bat.
The bat barely misses you. The bat hits you.
Drink which item? (? for menu, Esc to quit)
It was a potion of might.
You feel very mighty all of a sudden. The bat closely misses you.
The gnoll hits you from afar with a spear.
* * * LOW HITPOINT WARNING * * *
You barely miss the bat. Your grab misses the bat. The bat closely misses you.
The gnoll closely misses you.
You miss the bat. You grab the bat. You constrict the bat. The bat hits you.
* * * LOW HITPOINT WARNING * * *
The gnoll hits you from afar with a spear.
You die...

#.# #.# #.#
#.# .######
#.# .......
#.# .......
#.#
.......#####.#
.......ggb@..#
.......#######
.......
>......
#######


You could see a gnoll, a hobgoblin and a bat.

Vanquished Creatures
  An adder (D:2)
  A ball python (D:1)
  A hobgoblin (D:2)
  A bat (D:1)
  A goblin (D:1)
  A kobold (D:1)
6 creatures vanquished.

Notes
Turn   | Place    | Note
--------------------------------------------------------------
     0 | D:1      | M4edhros the Octopode Necromancer began the quest for the Orb.
     0 | D:1      | Reached XP level 1. HP: 11/11 MP: 3/3
    99 | D:2      | Reached skill level 1 in Unarmed Combat
    99 | D:2      | Reached XP level 2. HP: 12/17 MP: 0/5
   147 | D:1      | Slain by a gnoll

Vault maps used:
D:1:      lightli_arrival_maybe_door_vault
D:2:      marbit_many_paths, first_bread, grunt_qazlal_sundering

Skill      XL: |  1  2 |
---------------+-------+-----
Unarmed Combat | 1 2 |  2.0
Dodging        | |  2.0
Stealth        | |  2.6
Spellcasting   | |  2.0
Necromancy     | |  4.0

Action                   || total
-------------------------++-------
Melee: Unarmed           ||    14
       Constrict         ||     5
       Tentacles         ||     2
 Cast: Pain              ||     6
  Use: Potion            ||     1
Armor: Skin              ||     4
Dodge: Dodged            ||    10
